 Dungeon Crawl Stone Soup version 0.31-a0-614-gc85dc1c48c (webtiles) character file.

Game seed: 4066486833210681629

409 CrazyBamboolord the Changeling (level 6, -5/38 HPs)
             Began as an Octopode Shapeshifter on Aug 22, 2023.
             Splashed by a jelly's acid (7 damage)
             ... on level 3 of the Dungeon.
             The game lasted 00:04:55 (2356 turns).

CrazyBamboolord the Changeling (OpSh)               Turns: 2356, Time: 00:04:56

Health: -5/38      AC: -7    Str: 17    XL:     6   Next: 89%
Magic:  15/15      EV: 13    Int: 16    God:
Gold:   175        SH:  0    Dex: 12    Spells: 5/5 levels left

rFire   . .          .
                       - Unarmed
rCold   . . .        (shield currently unavailable)
rNeg    . . .        (helmet restricted)
rPois   .            e - amulet of regeneration
rElec   .            i - ring of magical power
rCorr   .            o - +6 ring of intelligence
SInv    .            p - ring of willpower
Will    +....        (no ring)
Stlth   +            (no ring)
HPRegen 1.06/turn    (no ring)
MPRegen 0.14/turn    (no ring)
                     (no ring)

%: no passive effects
@: flux-form, corroded, attractive, glowing
A: glow, contaminating, almost no armour, amphibious, 8 rings, camouflage 1,
gelatinous body 1, (nimble swimmer 1), tentacles
a: Begin Untransformation


You were on level 3 of the Dungeon.
You were something dangerously unstable.
You visited 1 branch of the dungeon, and saw 4 of its levels.

You collected 175 gold pieces.

Inventory:

Missiles
 t - 6 silver javelins
Jewellery
 e - an amulet of regeneration (around mantle)
 i - a ring of magical power (left tentacle)
 o - a +6 ring of intelligence (right tentacle)
 p - a ring of willpower (on tentacle)
Talismans
 b - a beast talisman
 c - a flux talisman (active)
Scrolls
 d - 2 scrolls of teleportation {unknown}
 g - a scroll of noise {unknown}
 j - a scroll of butterflies {unknown}
 n - 2 scrolls of identify {unknown}
 q - a scroll of fog {unknown}
 v - a scroll of fear {unknown}
Potions
 a - 2 potions of lignification
 f - 2 potions of curing {unknown}
 h - 2 potions of attraction
 k - a potion of berserk rage {unknown}
 l - a potion of might {unknown}
 m - a potion of heal wounds {unknown}
 r - a potion of mutation {unknown}
 s - a potion of brilliance {unknown}
 u - a potion of magic {unknown}


   Skills:
 + Level 1.1 Fighting
 + Level 2.2 Dodging
 + Level 3.5 Unarmed Combat
 + Level 6.2 Shapeshifting


You had 5 spell levels left.
You didn't know any spells.
Your spell library contained the following spells:

 Spells                   Type           Power      Damage    Failure   Level
 Slow                     Hex            0%         N/A       26%         1
 Confusing Touch          Hex            0%         N/A       58%         3
 Vampiric Draining        Necr           0%         2d6       58%         3


Dungeon Overview and Level Annotations

Branches:
Dungeon (4/15)
 Temple: D:4-7

Altars:

Shops:
D:1 =


Innate Abilities, Weirdness & Mutations

You are something dangerously unstable.
You glow with magical radiation, making you easy to see and hit.
Foes you strike become dangerously contaminated with magical radiation.
You are incapable of wielding weapons or throwing items.
You cannot wear most types of armour.
You are amphibious.
You can wear up to eight rings at the same time.
Your skin changes colour to match your surroundings (Stealth+).
Your rubbery body absorbs attacks. (AC +1, EV +1)
((You are camouflaged when in or above water. (Stealth+)))
You have tentacles for arms and can constrict up to eight enemies at once.


Message History

The jelly quivers.
Found a stone staircase leading down.
There is a stone staircase leading up here.
Search for what [Enter for "talisman", or ? for help]?
Search for what [Enter for "talisman", or ? for help]? altar A howler monkey comes into view.
The jelly hits you.
You are splashed with acid!
You climb upwards.
There is a stone staircase leading down here.
You tentacle-slap the jelly.
The jelly begins to glow.
The acid corrodes you!
Your tentacles burn!
You squeeze the jelly, but do no damage.
The jelly is lightly wounded.
The jelly misses you.
You tentacle-slap the jelly.
The jelly glows dangerously bright.
The acid corrodes you!
Your tentacles burn!
You squeeze the jelly, but do no damage.
The jelly is lightly wounded.
You tentacle-slap the jelly but do no damage.
The jelly shudders as magic cascades through it!
The jelly twists and deforms.
Your tentacles burn!
You squeeze the jelly.
The jelly is almost dead.
The jelly hits you. The acid corrodes you!
You are splashed with acid.
You tentacle-slap the jelly.
The jelly begins to glow.
Your tentacles burn!
You squeeze the jelly.
The jelly is almost dead.
The jelly hits you.
You are splashed with acid!
* * * LOW HITPOINT WARNING * * *
You are too injured to fight recklessly!
You tentacle-slap the jelly but do no damage.
The jelly glows dangerously bright.
Your tentacles burn!
* * * LOW HITPOINT WARNING * * *
The jelly is almost dead.
The jelly misses you.
It was a potion of attraction.
You feel attractive to monsters. The jelly hits you.
* * * LOW HITPOINT WARNING * * *
You are splashed with acid!
You die...

...# ##.# ...# #..# ...#
#..# #### ...# #..# #..#
...# #..# ##..#
...###..## ##...#####
####.....# #........#
####.....####.#......#
..............#.B....#
####......##.....J...#
##.....#).##)#.....####
......................#
.#####.......##########
.##.....#..#.#
....##.##....######
######.##[........######
# #.##..##..........#


You could see a jelly (heavy contam, misshapen).

Vanquished Creatures
  Sigmund (D:2)
  A phantom (D:2)
  An orc priest (D:2)
  Natasha (thrice) (D:2)
  4 adders (D:2)
  2 dart slugs (D:2)
  3 orcs
  2 bats
  8 endoplasms
  A giant cockroach (D:1)
  5 goblins
  2 hobgoblins (D:2)
  A quokka (D:1)
  3 ball pythons
  2 frilled lizards
  A kobold (D:1)
  6 rats
46 creatures vanquished.

Notes
Turn   | Place    | Note
-------+----------+-------------------------------------------
     0 | D:1      | CrazyBamboolord the Octopode Shapeshifter began the quest
                  | for the Orb.
     0 | D:1      | Reached XP level 1. HP: 13/13 MP: 1/1
   212 | D:1      | Reached XP level 2. HP: 14/18 MP: 2/2
   450 | D:1      | Found Heckeran's Jewellery Shoppe.
   718 | D:2      | Reached XP level 3. HP: 8/23 MP: 3/3
   914 | D:2      | Reached skill level 4 in Shapeshifting
  1058 | D:2      | Reached XP level 4. HP: 28/28 MP: 4/4
  1178 | D:2      | Noticed Natasha
  1182 | D:2      | Killed Natasha
  1275 | D:2      | Noticed a phantom
  1286 | D:2      | Killed a phantom
  1287 | D:2      | Reached skill level 5 in Shapeshifting
  1287 | D:2      | Reached XP level 5. HP: 28/33 MP: 5/5
  1309 | D:2      | Noticed Natasha
  1318 | D:2      | Killed Natasha
  1364 | D:2      | Noticed Sigmund
  1371 | D:2      | Killed Sigmund
  1372 | D:2      | Reached skill level 6 in Shapeshifting
  1372 | D:2      | Reached XP level 6. HP: 38/38 MP: 6/6
  1478 | D:2      | Noticed Natasha
  1485 | D:2      | Killed Natasha
  2089 | D:3      | Found a faded altar of an unknown god.
  2356 | D:3      | Splashed by a jelly's acid

Illustrated notes

Levels and vault maps discovered:
D:1:      dpeg_arrival_fog, layout_basic, serial_shops,
          nicolae_shop_back_alley_shop
D:2:      wad_lake_hut, layout_loops_ring, minmay_unequal, uniq_sigmund,
          uniq_natasha
D:3:      layout_rooms, ebering_ecumenical_altar_petrified
D:4:      layout_rooms, mainiacjoe_overflow_alcove_1,
          makhleb_blood_cavern_becter, grunt_ministairs_10

Skill      XL: |  1  2  3  4  5 |
---------------+----------------+-----
Shapeshifting  | 4 5 6 |  6.2
Fighting       | |  1.1
Dodging        | |  2.2
Unarmed Combat | |  3.5

Action                     |  1- 3 |  4- 6 || total
---------------------------+-------+-------++-------
  Melee: Unarmed           |    44 |    62 ||   106
         Constrict         |    10 |    12 ||    22
         Tentacles         |     7 |    21 ||    28
         Punch             |     1 |       ||     1
    Use: Potion            |       |     1 ||     1
   Stab: Sleeping          |    10 |       ||    10
 Armour: Skin              |     2 |     5 ||     7
  Dodge: Dodged            |    11 |    25 ||    36
   Form: Flux              |       |     1 ||     1

Table legend: (Time is in decaauts)
 A = Elapsed time spent in this place.
 B = Non-inter-level travel time spent in this place.
 C = Inter-level travel time spent in this place.
 D = Time resting spent in this place.
 E = Time spent auto-exploring this place.
 F = Levels seen in this place.
 G = Mean time per level.
                   A        B        C        D        E       F      G
               +--------+--------+--------+--------+--------+-----+--------+
         Total |   2355 |   2297 |     58 |    160 |   1749 |   4 |  588.8 |
       Dungeon |   2355 |   2297 |     58 |    160 |   1749 |   4 |  588.8 |
               +--------+--------+--------+--------+--------+-----+--------+

Top non-repeatable levels by time:
     D:2: 1080 daAuts
     D:1: 790 daAuts
     D:3: 479 daAuts
     D:4: 5 daAuts
